 Dungeon Crawl Stone Soup version 0.20-a0-1006-ge6c5631 (webtiles) character file.

20 MTVSty1e the Insei (level 2, 0/22 HPs)
             Began as a Bultungin Transmuter on Apr 13, 2017.
             Slain by a hobgoblin
             ... wielding a +0 club
              (5 damage)
             ... on level 2 of the Dungeon.
             The game lasted 00:02:03 (1290 turns).

MTVSty1e the Insei (Bultungin Transmuter)           Turns: 1290, Time: 00:02:04

Health: 0/22       AC:  2    Str:  9    XL:     2   Next: 79%
Magic:  6/6        EV: 13    Int: 13    God:
Gold:   84         SH:  4    Dex: 14    Spells: 6/7 levels left

rFire    . . .     SeeInvis +   j - +0 dagger
rCold    . . .     Gourm    .   f - +0 buckler
rNeg     . . .     Faith    .   b - +0 robe
rPois    .         Spirit   .   (no helmet)
rElec    .         Reflect  .   (no cloak)
rCorr    .         Harm     .   (no gloves)
MR       .....                  (no boots)
Stlth    +.........             (no amulet)
Regen    0.1/turn               (no ring)
MPRegen  0.1/turn               (no ring)

@: no status effects
A: short attention span, fangs 1, see invisible, strong nose
a: no special abilities


You were on level 2 of the Dungeon.
You were not hungry.

You visited 1 branch of the dungeon, and saw 2 of its levels.

You collected 84 gold pieces.

Inventory:

Hand Weapons
 j - a +0 dagger (weapon)
Armour
 b - a +0 robe (worn)
 f - a +0 buckler (worn)
Scrolls
 a - a scroll of enchant armour {unknown}
 e - 7 scrolls of remove curse {unknown}
 g - 3 scrolls of identify {unknown}
 k - a scroll of random uselessness {unknown}
 l - 2 scrolls of immolation {unknown}
Potions
 h - a potion of degeneration {unknown}
 i - a potion of invisibility {unknown}
 m - 2 potions of curing {unknown}
Books
 c - a book of Changes

   Spells                             Type                      Level
   a - Beastly Appendage              Transmutation                1
   b - Sticks to Snakes               Transmutation                2
   c - Spider Form                    Transmutation/Poison         3
   d - Ice Form                       Ice/Transmutation            4
   e - Blade Hands                    Transmutation                5


   Skills:
 * Level 1.9 Fighting
 + Level 0.0 Short Blades
 + Level 3.2 Dodging
 + Level 1.7 Shields
 - Level 4.6 Unarmed Combat
 + Level 3.4 Spellcasting
 + Level 3.5 Transmutations


You had 6 spell levels left.
You knew the following spells:

 Your Spells              Type           Power        Failure   Level  Hunger
a - Beastly Appendage     Tmut           ##....       10%         1    #......


Dungeon Overview and Level Annotations

Branches:
Dungeon (2/15)

Altars:


Innate Abilities, Weirdness & Mutations

You have a short attention span.
You have very sharp teeth.
You have supernaturally acute eyesight. (SInv)
Your uncanny sense of smell can sniff out nearby items.


Message History

You hit the hobgoblin but do no damage.
The hobgoblin is severely wounded.
You hit the hobgoblin but do no damage.
The hobgoblin is severely wounded.
The hobgoblin hits you with a club.
You hit the hobgoblin but do no damage.
The hobgoblin is heavily wounded.
The hobgoblin hits you but does no damage.
You hit the hobgoblin but do no damage.
The hobgoblin is heavily wounded.
The hobgoblin hits you with a club.
* * * LOW HITPOINT WARNING * * *
You barely miss the hobgoblin.
The hobgoblin is heavily wounded.
The hobgoblin hits you with a club.
* * * LOW HITPOINT WARNING * * *
You hit the hobgoblin but do no damage.
The hobgoblin is heavily wounded.
The hobgoblin hits you with a club.
You die...

...######### # ....
#........... #. ..(.
#........... #.? ....
#..#........
#..####.####..#........
...........##........
#.##.........#####..###
#.................#.#
#.g@......####...#
#.........#####..##
#............##...##
#####.###..#........
#.# #........(.. #.#
##.##....... #.#
#.######... #.# #..##
###. #.# ##..### #.


You could see a hobgoblin.

Vanquished Creatures
  2 dart slugs
  A leopard gecko (D:1)
  2 goblins
  3 hobgoblins
  A bat (D:1)
  4 kobolds
  A rat (D:1)
14 creatures vanquished.

Notes
Turn   | Place    | Note
-------+----------+-------------------------------------------
     0 | D:1      | MTVSty1e the Bultungin Transmuter began the quest for the Orb.
     0 | D:1      | Reached XP level 1. HP: 15/15 MP: 4/4
   212 | D:1      | Reached skill level 1 in Shields
   236 | D:1      | Reached XP level 2. HP: 13/22 MP: 6/6
  1290 | D:2      | Slain by a hobgoblin

Vault maps used:
D:1:      saegor_arrival_simple_a
D:2:      lemuel_round_altar, old_standard_altar

Skill      XL: |  1 |
---------------+----+-----
Shields        | 1 |  1.7
Fighting       | |  1.9
Dodging        | |  3.2
Unarmed Combat | |  4.6
Spellcasting   | |  3.4
Transmutations | |  3.5

Action                   || total
-------------------------++-------
Melee: Unarmed           ||    31
       Bite              ||     8
       Kick              ||     1
       Dagger            ||    53
 Cast: Beastly Appendage ||     1
  Eat: Bread ration      ||     1
Armor: Robe              ||     8
Dodge: Dodged            ||    32
Block: Buckler           ||    11
